MLB
MILWAUKEE BREWERS @ COLORADO ROCKIES
09/16/2099
 
TOP OF THE 1ST
Milwaukee Brewers batting - Pitching for Colorado Rockies : LHP Allen Oliver
Pitching: LHP Allen Oliver
Batting: LHB Alex Cruz 0-0: Ball
1-0: SINGLE (Line Drive, 56, EV 101.9 MPH)
Batting: RHB Kyle Stewart 0-0: Ball
1-0: SINGLE (Groundball, 6MD, EV 96.9 MPH)
Alex Cruz to second
Batting: RHB Tyler Naberhaus 0-0: Called Strike
0-1: Ball
1-1: Ball
Wild Pitch!
Alex Cruz to third
Kyle Stewart to second
2-1: Ground out 5-3 (Groundball, 56S, EV 86.3 MPH)
Alex Cruz scores
Batting: RHB Byron Weaver 0-0: Ball
Wild Pitch!
Kyle Stewart to third
1-0: Foul Ball, location: 9LMF
1-1: Ball
2-1: Ball
3-1: SINGLE (Groundball, 34D, EV 109.4 MPH)
Kyle Stewart scores
Batting: RHB Tony Ledezma 0-0: Ball
1-0: Foul Ball, location: 7LDF
1-1: Ball
2-1: Foul Ball, location: 2F
2-2: Ball
3-2: Base on Balls
Byron Weaver to second
Batting: SHB Roberto Lima 0-0: Ball
1-0: Fly out, F8 (Flyball, 8LXD, EV 100.0 MPH)
Runner from 2nd tags up, SAFE at 3rd, no throw by CF
Batting: RHB Johnny Curet 0-0: Foul Ball, location: 2F
0-1: Swinging Strike
0-2: Ball
1-2: Ball
2-2: Fly out, F8 (Flyball, 89M, EV 94.4 MPH)
Top of the 1st over - 2 runs, 3 hits, 0 errors, 2 left on base; Milwaukee 2 - Colorado 0
BOTTOM OF THE 1ST
Colorado Rockies batting - Pitching for Milwaukee Brewers : RHP Albert Preciado
Pitching: RHP Albert Preciado
Batting: LHB Glenn Sewell 0-0: Ball
1-0: Ball
2-0: Called Strike
2-1: Ball
3-1: Called Strike
3-2: Strikes out swinging
Batting: RHB Mike Woodard 0-0: Called Strike
0-1: Swinging Strike
0-2: Ball
1-2: SINGLE (Line Drive, 6M, EV 97.5 MPH)
Batting: LHB Matt Beck 0-0: Called Strike
0-1: Ball
1-1: Ball
2-1: Swinging Strike
2-2: Ball
3-2: Strikes out swinging
Mike Woodard is caught stealing 2nd base 2-6
Batter strikes out.
Bottom of the 1st over - 0 runs, 1 hit, 0 errors, 0 left on base; Milwaukee 2 - Colorado 0
TOP OF THE 2ND
Milwaukee Brewers batting - Pitching for Colorado Rockies : LHP Allen Oliver
Batting: SHB Jamie Saxton 0-0: Ball
1-0: Swinging Strike
1-1: Ball
2-1: Ball
3-1: Foul Ball, location: 23F
3-2: Fly out, F8 (Flyball, 8RM, EV 93.8 MPH)
Batting: RHB Carlos Cabal 0-0: Ball
1-0: Ball
2-0: Ball
3-0: Called Strike
3-1: Fly out, F9 (Line Drive, 89M, EV 101.3 MPH)
Pitching: RHP Doug Craig
Batting: LHB Alex Cruz 0-0: Swinging Strike
0-1: Ball
1-1: Ball
2-1: Swinging Strike
2-2: Strikes out swinging
Top of the 2nd over - 0 runs, 0 hits, 0 errors, 0 left on base; Milwaukee 2 - Colorado 0
BOTTOM OF THE 2ND
Colorado Rockies batting - Pitching for Milwaukee Brewers : RHP Albert Preciado
Batting: RHB Kosuke Sakai 0-0: Called Strike
0-1: Called Strike
0-2: Ball
1-2: Foul Ball, location: 2F
1-2: SINGLE (Line Drive, 4D, EV 98.8 MPH)
Batting: LHB Jeremy Papish 0-0: Called Strike
0-1: Ball
1-1: Called Strike
1-2: Ball
2-2: Ball
3-2: SINGLE (Groundball, 4S, EV 65.6 MPH) (infield hit)
Kosuke Sakai to second
Batting: LHB Mike Keatts 0-0: Called Strike
0-1: Ball
1-1: Foul Ball, location: 2F
1-2: Ball
2-2: Ball
3-2: Base on Balls
Kosuke Sakai to third
Jeremy Papish to second
Batting: RHB Orlando Serrano 0-0: SINGLE (Line Drive, 89S, EV 101.3 MPH)
Kosuke Sakai scores
Jeremy Papish to third
Mike Keatts to second
Batting: RHB Ricky Aguilera 0-0: Called Strike
0-1: Called Strike
0-2: Ball
1-2: Hit by Pitch
Jeremy Papish scores
Mike Keatts to third
Orlando Serrano to second
Batting: LHB Jesus Pena 0-0: Ball
1-0: Called Strike
1-1: Foul Ball, location: 2F
1-2: Fly out, F7 (Flyball, 7, EV 88.1 MPH)
Runner from 3rd tags up, SCORES, throw by LF
Batting: LHB Glenn Sewell 0-0: Ball
1-0: Foul Ball, location: 7LDF
1-1: Ball
2-1: Foul Ball, location: 25F
2-2: Foul Ball, location: 7LSF
2-2: Ball
3-2: SINGLE (Groundball, 4, EV 106.9 MPH) (infield hit)
Orlando Serrano to third
Ricky Aguilera to second
Batting: RHB Mike Woodard 0-0: Called Strike
0-1: Ball
1-1: Foul Ball, location: 2F
1-2: Strikes out swinging
Batting: LHB Matt Beck 0-0: Ball
1-0: DOUBLE (Flyball, 8LXD, EV 104.4 MPH)
Orlando Serrano scores
Ricky Aguilera scores
Glenn Sewell to third
Runner from 3rd tries for Home, SAFE, throw by CF to home
Batting: RHB Kosuke Sakai 0-0: Ball
1-0: Ball
2-0: Called Strike
2-1: Ball
Wild Pitch!
Matt Beck to third
3-1: Swinging Strike
3-2: TRIPLE (Flyball, 89XD, EV 108.8 MPH)
Matt Beck scores
Pitching: RHP Aaron Carson
Batting: LHB Jeremy Papish 0-0: Called Strike
0-1: Ball
1-1: Foul Ball, location: 25FF
1-2: Foul Ball, location: 23FF
1-2: Ball
2-2: Ball
3-2: Foul Ball, location: 9LDF
3-2: Strikes out swinging
Bottom of the 2nd over - 7 runs, 6 hits, 0 errors, 1 left on base; Milwaukee 2 - Colorado 7
TOP OF THE 3RD
Milwaukee Brewers batting - Pitching for Colorado Rockies : RHP Doug Craig
Batting: RHB Kyle Stewart 0-0: Swinging Strike
0-1: Ground out 4-3 (Groundball, 4, EV 83.8 MPH)
Batting: RHB Tyler Naberhaus 0-0: Ball
1-0: Swinging Strike
1-1: Foul Ball, location: 2F
1-2: Foul Ball, location: 25FF
1-2: Foul Ball, location: 2F
1-2: Strikes out swinging
Batting: RHB Byron Weaver 0-0: Ground out 6-3 (Groundball, 6S, EV 84.4 MPH)
Top of the 3rd over - 0 runs, 0 hits, 0 errors, 0 left on base; Milwaukee 2 - Colorado 7
BOTTOM OF THE 3RD
Colorado Rockies batting - Pitching for Milwaukee Brewers : RHP Aaron Carson
Batting: LHB Mike Keatts 0-0: Foul Ball, location: 7LSF
0-1: Called Strike
0-2: Ball
1-2: Ball
2-2: Strikes out swinging
Batting: RHB Orlando Serrano 0-0: Swinging Strike
0-1: Called Strike
0-2: Ball
1-2: Ground out 6-3 (Groundball, 6, EV 102.5 MPH)
Batting: RHB Ricky Aguilera 0-0: Called Strike
0-1: Ball
1-1: Fly out, F4 (Popup, 4, EV 50.6 MPH)
Bottom of the 3rd over - 0 runs, 0 hits, 0 errors, 0 left on base; Milwaukee 2 - Colorado 7
TOP OF THE 4TH
Milwaukee Brewers batting - Pitching for Colorado Rockies : RHP Doug Craig
Batting: RHB Tony Ledezma 0-0: Called Strike
0-1: Ball
1-1: Swinging Strike
1-2: Ball
2-2: Ball
3-2: Strikes out swinging
Batting: SHB Roberto Lima 0-0: Ball
1-0: Swinging Strike
1-1: Foul Ball, location: 2F
1-2: Ball
2-2: Ball
3-2: Fly out, F6 (Popup, 6MD, EV 54.4 MPH)
Batting: RHB Johnny Curet 0-0: Ground out 6-3 (Groundball, 6M, EV 93.8 MPH)
Top of the 4th over - 0 runs, 0 hits, 0 errors, 0 left on base; Milwaukee 2 - Colorado 7
BOTTOM OF THE 4TH
Colorado Rockies batting - Pitching for Milwaukee Brewers : RHP Aaron Carson
Batting: LHB Jesus Pena 0-0: Ball
1-0: SINGLE (Groundball, 34D, EV 104.4 MPH)
Batting: LHB Glenn Sewell 0-0: Ball
1-0: Swinging Strike
1-1: Called Strike
1-2: Ball
2-2: Fly out, F8 (Flyball, 8RM, EV 86.9 MPH)
Batting: RHB Mike Woodard 0-0: Ball
1-0: DOUBLE (Line Drive, 89D, EV 110.6 MPH)
Jesus Pena to third
Runner from 3rd tries for Home, SAFE, no throw by RF
Batting: LHB Matt Beck 0-0: Ball
1-0: Fly out, F8 (Flyball, 8LXD, EV 92.5 MPH)
Runner from 2nd tags up, SAFE at 3rd, no throw by CF
Batting: RHB Kosuke Sakai 0-0: Foul Ball, location: 2F
0-1: Ball
1-1: Ball
2-1: DOUBLE (Flyball, 89XD, EV 93.8 MPH)
Mike Woodard scores
Batting: LHB Jeremy Papish 0-0: Ball
1-0: Ball
2-0: Called Strike
2-1: Ball
3-1: SINGLE (Line Drive, 3L, EV 108.8 MPH)
Kosuke Sakai to third
Batting: LHB Mike Keatts 0-0: Called Strike
0-1: Foul Ball, location: 3FF
0-2: Foul Ball, location: 2F
0-2: Ground out 4-3 (Groundball, 4, EV 106.9 MPH)
Bottom of the 4th over - 2 runs, 4 hits, 0 errors, 2 left on base; Milwaukee 2 - Colorado 9
TOP OF THE 5TH
Milwaukee Brewers batting - Pitching for Colorado Rockies : RHP Doug Craig
Batting: SHB Jamie Saxton 0-0: Called Strike
0-1: Foul Ball, location: 2F
0-2: Strikes out swinging
Batting: RHB Carlos Cabal 0-0: Ball
1-0: Fly out, F4 (Line Drive, 4, EV 70.6 MPH)
Batting: LHB Alex Cruz 0-0: Ball
1-0: Ball
2-0: Foul Ball, location: 2F
2-1: Ball
3-1: Called Strike
3-2: Foul Ball, location: 5SF
3-2: Foul Ball, location: 23F
3-2: Base on Balls
Pitching: RHP Angel Cruz
Batting: RHB Kyle Stewart 0-0: Fly out, F9 (Flyball, 89M, EV 76.9 MPH)
Top of the 5th over - 0 runs, 0 hits, 0 errors, 1 left on base; Milwaukee 2 - Colorado 9
BOTTOM OF THE 5TH
Colorado Rockies batting - Pitching for Milwaukee Brewers : RHP Aaron Carson
Batting: RHB Orlando Serrano 0-0: Called Strike
0-1: Called Strike
0-2: Fly out, F7 (Line Drive, 78M, EV 105.6 MPH)
Batting: RHB Ricky Aguilera 0-0: Ball
1-0: Ball
2-0: Ball
3-0: Base on Balls
Pitching: RHP Eddie Gonzalez
Batting: LHB Jesus Pena 0-0: Ball
1-0: Swinging Strike
1-1: Swinging Strike
1-2: Foul Ball, location: 25F
1-2: Ball
2-2: Fly out, F8 (Flyball, 8RM, EV 86.9 MPH)
Batting: LHB Glenn Sewell 0-0: Ball
1-0: Called Strike
1-1: Swinging Strike
1-2: Ball
2-2: Foul Ball, location: 7LSF
2-2: Strikes out swinging
Bottom of the 5th over - 0 runs, 0 hits, 0 errors, 1 left on base; Milwaukee 2 - Colorado 9
TOP OF THE 6TH
Milwaukee Brewers batting - Pitching for Colorado Rockies : RHP Angel Cruz
Batting: RHB Tyler Naberhaus 0-0: Ball
1-0: Fly out, F8 (Flyball, 8LXD, EV 106.9 MPH)
Batting: RHB Byron Weaver 0-0: SINGLE (Line Drive, 8LS, EV 93.1 MPH)
Batting: RHB Tony Ledezma 0-0: Ball
1-0: Ball
2-0: Called Strike
2-1: Swinging Strike
2-2: Ball
Byron Weaver steals 2nd base
3-2: Ground out 4-3 (Groundball, 4, EV 91.3 MPH)
Byron Weaver to third
Batting: SHB Roberto Lima 0-0: Swinging Strike
0-1: Swinging Strike
0-2: Foul Ball, location: 2F
0-2: Strikes out swinging
Top of the 6th over - 0 runs, 1 hit, 0 errors, 1 left on base; Milwaukee 2 - Colorado 9
BOTTOM OF THE 6TH
Colorado Rockies batting - Pitching for Milwaukee Brewers : RHP Eddie Gonzalez
Batting: RHB Mike Woodard 0-0: Called Strike
0-1: Ball
1-1: Called Strike
1-2: DOUBLE (Flyball, 8RXD, EV 91.3 MPH)
Batting: LHB Matt Beck 0-0: Called Strike
0-1: Foul Ball, location: 2F
0-2: Strikes out looking
Batting: RHB Kosuke Sakai 0-0: Called Strike
0-1: Ground out 3-1 (Groundball, 34, EV 84.4 MPH)
Mike Woodard to third
Batting: LHB Jeremy Papish 0-0: Called Strike
0-1: Ground out 4-3 (Groundball, 4, EV 82.5 MPH)
Bottom of the 6th over - 0 runs, 1 hit, 0 errors, 1 left on base; Milwaukee 2 - Colorado 9
TOP OF THE 7TH
Milwaukee Brewers batting - Pitching for Colorado Rockies : RHP Angel Cruz
Batting: RHB Johnny Curet 0-0: Fly out, F8 (Flyball, 8RD, EV 96.3 MPH)
Batting: SHB Jamie Saxton 0-0: Ball
1-0: Ball
2-0: Foul Ball, location: 9LSFF
2-1: Ball
3-1: DOUBLE (Flyball, 8LXD, EV 105.0 MPH)
Batting: RHB Carlos Cabal 0-0: Swinging Strike
0-1: Ball
1-1: Swinging Strike
1-2: Strikes out swinging, 2-3 out at first.
Batting: LHB Alex Cruz 0-0: Called Strike
0-1: Foul Ball, location: 2F
0-2: Ball
1-2: Ground out 4-3 (Groundball, 4M, EV 83.1 MPH)
Top of the 7th over - 0 runs, 1 hit, 0 errors, 1 left on base; Milwaukee 2 - Colorado 9
BOTTOM OF THE 7TH
Colorado Rockies batting - Pitching for Milwaukee Brewers : RHP Eddie Gonzalez
Batting: LHB Mike Keatts 0-0: Ball
1-0: Called Strike
1-1: Called Strike
1-2: Ball
2-2: Strikes out looking
Batting: RHB Orlando Serrano 0-0: SOLO HOME RUN (Flyball, 89XD, EV 108.8 MPH), Distance : 427 ft
Batting: RHB Ricky Aguilera 0-0: Ball
1-0: Fly out, F9 (Flyball, 9, EV 88.8 MPH)
Batting: LHB Jesus Pena 0-0: Ball
1-0: Ball
2-0: Swinging Strike
2-1: Ground out 5-3 (Groundball, 5, EV 79.4 MPH)
Bottom of the 7th over - 1 run, 1 hit, 0 errors, 0 left on base; Milwaukee 2 - Colorado 10
TOP OF THE 8TH
Milwaukee Brewers batting - Pitching for Colorado Rockies : RHP Angel Cruz
Pitching: RHP Mike Wood
Pinch Hitting: SHB Victor Pacheco 0-0: Ball
1-0: Ball
2-0: Called Strike
2-1: Swinging Strike
2-2: Strikes out swinging
Batting: RHB Tyler Naberhaus 0-0: Called Strike
0-1: Ball
1-1: Called Strike
1-2: Foul Ball, location: 2F
1-2: Strikes out swinging
Batting: RHB Byron Weaver 0-0: Ground out 6-3 (Groundball, 6, EV 77.5 MPH)
Top of the 8th over - 0 runs, 0 hits, 0 errors, 0 left on base; Milwaukee 2 - Colorado 10
BOTTOM OF THE 8TH
Colorado Rockies batting - Pitching for Milwaukee Brewers : RHP Eddie Gonzalez
Now at 1B: Victor Pacheco
Batting: LHB Glenn Sewell 0-0: Ball
1-0: Called Strike
1-1: Foul Ball, location: 3FF
1-2: Ball
2-2: Ball
3-2: Ground out 4-3 (Groundball, 34D, EV 100.6 MPH)
Batting: RHB Mike Woodard 0-0: Swinging Strike
0-1: Foul Ball, location: 25F
0-2: SINGLE (Line Drive, 5D, EV 101.9 MPH)
Pitching: RHP Cesar de Lara
Batting: LHB Matt Beck 0-0: Called Strike
0-1: Hit by Pitch
Mike Woodard to second
Batting: RHB Kosuke Sakai 0-0: Called Strike
0-1: Foul Ball, location: 2F
0-2: Fly out, F7 (Flyball, 7S, EV 80.6 MPH)
Batting: LHB Jeremy Papish 0-0: Called Strike
0-1: Foul Ball, location: 2F
0-2: Strikes out swinging
Bottom of the 8th over - 0 runs, 1 hit, 0 errors, 2 left on base; Milwaukee 2 - Colorado 10
TOP OF THE 9TH
Milwaukee Brewers batting - Pitching for Colorado Rockies : RHP Mike Wood
Batting: RHB Tony Ledezma 0-0: Ball
1-0: Called Strike
1-1: Foul Ball, location: 9LSF
1-2: Foul Ball, location: 25FF
1-2: Ball
2-2: Ball
3-2: Ground out 6-3 (Groundball, 6, EV 85.0 MPH)
Batting: SHB Roberto Lima 0-0: Swinging Strike
0-1: Swinging Strike
0-2: Ball
1-2: Ball
2-2: Fly out, F8 (Flyball, 89D, EV 90.0 MPH)
Batting: RHB Johnny Curet 0-0: Foul Ball, location: 23F
0-1: Swinging Strike
0-2: Ball
1-2: Ball
2-2: Fly out, F9 (Flyball, 9LS, EV 86.9 MPH)
Top of the 9th over - 0 runs, 0 hits, 0 errors, 0 left on base; Milwaukee 2 - Colorado 10
Tuesday, May 14th , 2024 - OOTP Baseball 24.11 Build 85